 Dungeon Sprint DCSS version 0.24-a0-93-ge1bfdf8443 (webtiles) character file.

Game seed: 11666044390060872606

11 Denreik the Charmwright (level 2, -8/26 HPs)
             Began as a Gnoll Skald on Feb 10, 2019.
             Was an Initiate of Gozag.
             Mangled by a crocodile (19 damage)
             ... in the Dungeon (Sprint II: "The Violet Keep of Menkaure").
             The game lasted 00:01:19 (149 turns).

Denreik the Charmwright (Gnoll Skald)                Turns: 149, Time: 00:01:20

Health: -8/26      AC:  3    Str: 13    XL:     2   Next: 25%
Magic:  5/8        EV: 14    Int: 15    God:    Gozag
Gold:   243        SH:  0    Dex: 14    Spells: 6/11 levels left

rFire    . . .     SeeInvis .   a - +0 spear
rCold    . . .     Gourm    .   (no shield)
rNeg     . . .     Faith    .   b - +0 leather armour
rPois    .         Spirit   .   (no helmet)
rElec    .         Reflect  .   (no cloak)
rCorr    .         Harm     .   (no gloves)
MR       .....     NoTele   +   (no boots)
Stlth    +.........             (no amulet)
HPRegen  0.08/turn              (no ring)
MPRegen  0.11/turn              (no ring)

@: shrouded, infused (expiring), very slow
A: distributed training, fangs 1, strong nose
a: Potion Petition, Call Merchant, Bribe Branch, Renounce Religion


You were in the Dungeon.
You worshipped Gozag.
Gozag was aware of your devotion.
You were not hungry.

You visited 1 branch You collected 243 gold pieces.

Inventory:

Hand Weapons
 a - a +0 spear (weapon)
Armour
 b - a +0 leather armour (worn)
Scrolls
 j - a scroll of blinking
Potions
 e - a potion of curing
 f - a potion of heal wounds
 g - a potion of haste
 h - 2 potions of magic
 i - a potion of berserk rage
Comestibles
 d - a ration


   Skills:
 + Level 4.6 Fighting
 + Level 1.2 Short Blades
 + Level 1.2 Long Blades
 + Level 1.2 Axes
 + Level 1.2 Maces & Flails
 + Level 4.6 Polearms
 + Level 1.2 Staves
 + Level 1.2 Slings
 + Level 1.2 Bows
 + Level 1.2 Crossbows
 + Level 1.2 Throwing
 + Level 2.8 Armour
 + Level 4.6 Dodging
 + Level 1.2 Stealth
 + Level 1.2 Shields
 + Level 1.2 Unarmed Combat
 + Level 5.1 Spellcasting
 + Level 1.0 Conjurations
 + Level 1.0 Hexes
 + Level 5.5 Charms
 + Level 1.0 Summonings
 + Level 1.0 Necromancy
 + Level 1.0 Translocations
 + Level 1.0 Transmutations
 + Level 1.0 Fire Magic
 + Level 1.0 Ice Magic
 + Level 1.0 Air Magic
 + Level 1.0 Earth Magic
 + Level 1.0 Poison Magic
 + Level 1.3 Invocations
 + Level 1.2 Evocations


You had 6 spell levels left.
You knew the following spells:

 Your Spells              Type           Power        Failure   Level  Hunger
a - Infusion              Chrm           ###.         2%          1    None
b - Shroud of Golubria    Chrm/Tloc      ##........   9%          2    ##.....
c - Song of Slaying       Chrm           ###.....     3%          2    ##.....

Your spell library contained the following spells:

 Spells                   Type           Power        Failure   Level  Hunger
 Regeneration             Chrm/Necr      ##........   16%         3    ###....
 Spectral Weapon          Hex/Chrm       ##......     16%         3    ###....


Dungeon Overview and Level Annotations

Branches:
Dungeon (1/1)

Altars:
Cheibriados
Dithmenos
Elyvilon
Fedhas
Gozag
Hepliaklqana
Kikubaaqudgha
Makhleb
Nemelex Xobeh
Okawaru
Qazlal
Ru
Sif Muna
Trog
Uskayaw
Vehumet
Wu Jian
Xom
Yredelemnul
Zin
The Shining One
Beogh
Jiyva
Lugonu


Innate Abilities, Weirdness & Mutations

Your experience applies equally to all skills.
You have very sharp teeth.
Your uncanny sense of smell can sniff out nearby items.


Message History

Casting: Shroud of Golubria (safe; 9% risk of failure)
Confirm with . or Enter, or press ? or * to list all spells.
You begin infusing your attacks with magical energy.
Found six items.
A kraken comes into view.
You open the door.
A crocodile comes into view.
Your magical infusion is running out.
Tentacles burst out of the water!
The crocodile barely misses you.
The crocodile moves out of view. 2 tentacles come into view.
The crocodile bites you!
Ouch! That really hurt!
The crocodile closely misses you.
You hit the crocodile.
The crocodile is lightly wounded.
The crocodile bites you!!
Ouch! That really hurt!
You die...
Your body crumbles into a pile of gold.

. ∆ $$$ $ .#### ∆+.###
∆°▓[!$?)!(!▓▓ $ ...#$ ...#
#▓$?($%!)!▓▓ ##..## #..#
$#▓([$?$($?▓▓ .##..#$ +^.#
#▓!(%(?$[$▓▓ ###..#∆∆#..#
#▓??($[??)▓▓$
#.'..####..####▓!%((!!)!▓▓
..#....###...##▓▓▓▓▓▓▓+▓▓▓▓
.##....§.≈≈≈≈≈≈≈@tt≈≈≈...X≈
$$
##§≈.....≈#'########§###.w≈ $
≈≈≈≈§§≈..≈#._._._..#§§≈#
≈≈§≈§≈§≈.≈#.._._._.#≈§≈≈#
§≈≈≈§§§§≈≈#._._._._#§§§≈§# $$
$$ ≈§≈§≈≈§≈≈≈#_._._._.#§§§≈§§
$ $
#≈§§§≈§≈≈≈#._._._..#≈≈≈§≈§+$$
$$
##§≈≈###≈≈#_._._...#§§§≈≈t#$
$ ∆#≈≈#._._....#≈ $$ $$


You could see 2 crocodiles.

Vanquished Creatures
  3 worms (D)
3 creatures vanquished.

Vanquished Creatures (others)
  4 tentacles (D)
4 creatures vanquished.

Grand Total: 7 creatures vanquished

Notes
Turn   | Place    | Note
-------+----------+-------------------------------------------
     0 | D        | Denreik the Gnoll Skald began the quest for the Orb.
     0 | D        | Reached XP level 1. HP: 20/20 MP: 6/6
    10 | D        | Reached skill level 5 in Spellcasting
    17 | D        | Reached skill level 1 in Short Blades
    17 | D        | Reached skill level 1 in Long Blades
    17 | D        | Reached skill level 1 in Axes
    17 | D        | Reached skill level 1 in Maces & Flails
    17 | D        | Reached skill level 1 in Staves
    17 | D        | Reached skill level 1 in Slings
    17 | D        | Reached skill level 1 in Bows
    17 | D        | Reached skill level 1 in Crossbows
    17 | D        | Reached skill level 1 in Throwing
    17 | D        | Reached skill level 1 in Stealth
    17 | D        | Reached skill level 1 in Shields
    17 | D        | Reached skill level 1 in Unarmed Combat
    17 | D        | Reached skill level 1 in Invocations
    17 | D        | Reached skill level 1 in Evocations
    17 | D        | Reached XP level 2. HP: 20/26 MP: 0/8
    95 | D        | Reached skill level 1 in Conjurations
    95 | D        | Reached skill level 1 in Hexes
    95 | D        | Reached skill level 1 in Summonings
    95 | D        | Reached skill level 1 in Necromancy
    95 | D        | Reached skill level 1 in Translocations
    95 | D        | Reached skill level 1 in Transmutations
    95 | D        | Reached skill level 1 in Fire Magic
    95 | D        | Reached skill level 1 in Ice Magic
    95 | D        | Reached skill level 1 in Air Magic
    95 | D        | Reached skill level 1 in Earth Magic
    95 | D        | Reached skill level 1 in Poison Magic
   103 | D        | Found a glowing silver altar of Zin.
   104 | D        | Found a glowing golden altar of the Shining One.
   104 | D        | Found a basalt altar of Yredelemnul.
   104 | D        | Found a hide-covered altar of Uskayaw.
   105 | D        | Found a shimmering altar of Xom.
   105 | D        | Found a bloodstained altar of Trog.
   106 | D        | Found an ornate altar of the Wu Jian Council.
   106 | D        | Found a deep blue altar of Sif Muna.
   106 | D        | Found a corrupted altar of Lugonu.
   106 | D        | Found a radiant altar of Vehumet.
   106 | D        | Found a burning altar of Makhleb.
   107 | D        | Found a sacrificial altar of Ru.
   107 | D        | Found an ancient bone altar of Kikubaaqudgha.
   107 | D        | Found a white marble altar of Elyvilon.
   108 | D        | Found a stormy altar of Qazlal.
   108 | D        | Found a viscous altar of Jiyva.
   108 | D        | Found a shadowy altar of Dithmenos.
   109 | D        | Found a hazy altar of Hepliaklqana.
   109 | D        | Found a snail-covered altar of Cheibriados.
   111 | D        | Found a roughly hewn altar of Beogh.
   111 | D        | Found a sparkling altar of Nemelex Xobeh.
   111 | D        | Found a blossoming altar of Fedhas.
   112 | D        | Found an opulent altar of Gozag.
   112 | D        | Found an iron altar of Okawaru.
   120 | D        | Became a worshipper of Gozag Ym Sagoz the Greedy
   131 | D        | Noticed a crocodile
   132 | D        | Noticed a crocodile
   136 | D        | Learned a level 2 spell: Shroud of Golubria
   139 | D        | Learned a level 2 spell: Song of Slaying
   144 | D        | Noticed a kraken
   146 | D        | Noticed a crocodile
   149 | D        | Mangled by a crocodile

Levels and vault maps discovered:
D:        the_violet_keep_of_menkaure [sprint2_stairs_cluster_1,
          sprint2_shoproom, sprint2_temple, sprint2_basic_supplies,
          sprint2_obstacle_6, sprint2_obstacle_3, sprint2_obstacle_7,
          sprint2_obstacle_5, sprint2_obstacle_1, sprint2_timed_cluster_1,
          sprint2_smallroom_cluster_1, sprint2_smallroom_final_cluster_1,
          sprint2_transparent_cluster_1, sprint2_second_timed_cluster_1,
          sprint2_sniper_area_1, sprint2_heavy_combat_area_1,
          sprint2_mutation_trap_area_1, sprint2_forest_area_1,
          sprint2_light_combat_area_1, sprint2_behind_water_1,
          sprint2_near_end_vault_1]

Skill      XL: |  1  2 |
---------------+-------+-----
Spellcasting   | 5 |  5.1
Short Blades   | 1 |  1.2
Long Blades    | 1 |  1.2
Axes           | 1 |  1.2
Maces & Flails | 1 |  1.2
Staves         | 1 |  1.2
Slings         | 1 |  1.2
Bows           | 1 |  1.2
Crossbows      | 1 |  1.2
Throwing       | 1 |  1.2
Stealth        | 1 |  1.2
Shields        | 1 |  1.2
Unarmed Combat | 1 |  1.2
Invocations    | 1 |  1.3
Evocations     | 1 |  1.2
Conjurations   | 1 |  1.0
Hexes          | 1 |  1.0
Summonings     | 1 |  1.0
Necromancy     | 1 |  1.0
Translocations | 1 |  1.0
Transmutations | 1 |  1.0
Fire Magic     | 1 |  1.0
Ice Magic      | 1 |  1.0
Air Magic      | 1 |  1.0
Earth Magic    | 1 |  1.0
Poison Magic   | 1 |  1.0
Fighting       | |  4.6
Polearms       | |  4.6
Armour         | |  2.8
Dodging        | |  4.6
Charms         | |  5.5

Action                   || total
-------------------------++-------
Melee: Spear             ||    26
       Bite              ||     4
 Cast: Infusion          ||     2
       Shroud of Golubri ||     1
Armor: Leather armour    ||     2
Dodge: Dodged            ||     7

Table legend:
 A = Non-vault XP
 B = Vault XP
 C = Vault XP percentage of total XP
 D = Non-vault monster count
 E = Vault monster count
 F = Vault count percentage of total count
                 A         B        C        D         E       F
            +---------+---------+-------+---------+---------+-------
      Total |       0 |      16 | 100.0 |       0 |       3 | 100.0
            +---------+---------+-------+---------+---------+-------
          D |       0 |      16 | 100.0 |       0 |       3 | 100.0
            +---------+---------+-------+---------+---------+-------
